 Dungeon Crawl Stone Soup version 0.29.1-12-g30fa7ad0bf (webtiles) character file.

Game seed: 17404562297702130132

1417 KittyFluff the Covered (level 8, -9/48 HPs)
             Began as a Gargoyle Fighter on Dec 27, 2022.
             Killed from afar by Maggie (18 damage)
             ... with a bolt of fire
             ... on level 6 of the Dungeon.
             The game lasted 00:31:20 (6124 turns).

KittyFluff the Covered (Gargoyle Fighter)           Turns: 6124, Time: 00:31:21

Health: -9/48      AC: 11    Str: 20    XL:     8   Next: 71%
Magic:  0/8        EV: 11    Int:  9    God:
Gold:   382        SH:  0    Dex: 11    Spells: 7/7 levels left

rFire   . . .      SeeInvis .   a - +0 flail
rCold   . . .      Faith    .   c - +0 buckler
rNeg    + . .      Spirit   +   m - +0 leather armour
rPois   ∞          Reflect  .   (no helmet)
rElec   +          Harm     .   B - +1 cloak
rCorr   .          Rampage  .   (no gloves)
Will    .....                   (no boots)
Stlth   +.........              g - amulet of guardian spirit
HPRegen 0.16/turn               n - +4 ring of slaying
MPRegen 0.11/turn               (no ring)

@: confused, ambrosia-drunk, mesmerised
A: sickness immunity, AC +5, negative energy resistance 1, electricity
resistance, torment resistance 1, petrification resistance
a: no special abilities


You were on level 6 of the Dungeon.
You visited 2 branches of the dungeon, and saw 7 of its levels.

You collected 382 gold pieces.

Inventory:

Hand Weapons
 a - a +0 flail (weapon)
 x - a +0 sling
 z - a +1 flail of distortion
Missiles
 i - 12 javelins
 t - 2 poisoned darts (quivered)
Armour
 b - a +0 scale mail
 c - a +0 buckler (worn)
 m - a +0 leather armour (worn)
 B - a +1 cloak (worn)
 F - a +0 chain mail
Magical Staves
 p - a staff of death
 D - a staff of fire
Jewellery
 g - an amulet of guardian spirit (around neck)
 n - a +4 ring of slaying (left hand)
Wands
 d - a wand of flame (15)
 J - a wand of paralysis (11)
Scrolls
 e - 4 scrolls of teleportation
 j - a scroll of blinking {unknown}
 k - 3 scrolls of fog {unknown}
 l - 2 scrolls of enchant armour {unknown}
 o - a scroll of enchant weapon {unknown}
 s - 8 scrolls of identify {unknown}
 y - a scroll of magic mapping {unknown}
 A - 3 scrolls of vulnerability {unknown}
 C - a scroll of fear {unknown}
Potions
 f - 2 potions of magic {unknown}
 h - 2 potions of attraction {unknown}
 q - 2 potions of invisibility {unknown}
 r - 3 potions of curing {unknown}
 u - 2 potions of brilliance {unknown}
 v - 2 potions of degeneration {unknown}
 w - 2 potions of berserk rage {unknown}
 E - a potion of haste {unknown}
 G - 2 potions of ambrosia
 H - a potion of mutation {unknown}
 I - a potion of cancellation {unknown}


   Skills:
 + Level 4.9 Fighting
 + Level 6.2 Maces & Flails
 + Level 1.5 Ranged Weapons
 + Level 1.7 Throwing
 * Level 6.2 Armour
 + Level 2.3 Dodging
 + Level 0.7 Stealth
 * Level 5.7 Shields


You had 7 spell levels left.
You didn't know any spells.
Your spell library contained the following spells:

 Spells                   Type           Power      Damage    Failure   Level
 Summon Forest            Summ/Tloc      0%         N/A       100%        5
 Summon Mana Viper        Hex/Summ       0%         N/A       100%        5
 Summon Cactus Giant      Summ           0%         N/A       100%        6


Dungeon Overview and Level Annotations

Branches:
Dungeon (6/15)             Temple (1/1) D:5

Altars:
Cheibriados
Dithmenos
Elyvilon
Fedhas
Gozag
Hepliaklqana
Kikubaaqudgha
Makhleb
Nemelex Xobeh
Okawaru
Qazlal
Ru
Sif Muna
Uskayaw
Vehumet
Wu Jian
Yredelemnul
Zin
The Shining One

Shops:
D:3 =(*

Annotations:
D:6 1 transporter, Maggie


Innate Abilities, Weirdness & Mutations

You are immune to sickness and miasma.
Your stone body is resilient. (AC +5)
You are immune to poison.
You resist negative energy. (rN+)
You are resistant to electric shocks. (rElec)
You are resistant to unholy torment.
You are immune to petrification.


Message History

Maggie gestures at you while chanting. The bolt of fire hits you!
You sock Maggie!
Maggie is severely wounded.
Maggie hits you with a +2 war axe of flaming.
Maggie burns you.
You hit Maggie.
Maggie is severely wounded.
Maggie hits you with a +2 war axe of flaming.
Maggie burns you.
* * * LOW HITPOINT WARNING * * *
You closely miss Maggie.
Maggie is severely wounded.
You block Maggie's attack.
You barely miss Maggie.
Maggie is severely wounded.
Maggie points at you and mumbles some strange words.
The bolt of fire hits you!
* * * LOW HITPOINT WARNING * * *
Maggie mumbles some strange words.
Maggie draws you further into her thrall.
It was a potion of ambrosia.
You are confused.
You feel invigorated.
Maggie gestures wildly while chanting.
Maggie draws you further into her thrall.
Maggie hits you with a +2 war axe of flaming.
* * * LOW HITPOINT WARNING * * *
Maggie burns you.
* * * LOW HITPOINT WARNING * * *
You completely miss Maggie.
Maggie is almost dead.
Maggie barely misses you.
You're too confused to move!
Maggie points at you and mumbles some strange words.
The bolt of fire hits you!!
* * * LOW HITPOINT WARNING * * *
Maggie casts a spell at you. The bolt of fire hits you!!
You die...

............ ##.# #.#
#.........#. ###..##..# ##
#.......##.##...##...##...
#(.# #$#.............. ##.#
#................ #(##
#........)......
#..###........$...... ###
#####.(#..:.............
..#####.........@.........#...
#.......####..@.......###.# ##
...########...<.......# .#
##....#.......##.....#### J
.)..................#... ..
....................#.##
...........##.........###.
...###....# ##............
...#)##..# ####.....###


You could see Maggie (mesmerising, poisoned).

Vanquished Creatures
  A black bear (D:3)
  A sky beast (D:4)
  2 ogres
  A phantom (D:6)
  Blork the orc (D:4)
  4 scorpions (D:5)
  4 hounds
  2 jellies
  6 iguanas
  Ijyb (D:5)
  3 orc wizards
  3 gnolls (D:5)
  12 adders
  2 white imps (D:6)
  An ufetubus (D:5)
  3 worms
  5 dart slugs
  12 orcs
  8 ball pythons
  8 endoplasms
  3 giant cockroaches
  8 goblins
  9 hobgoblins
  3 jackals (D:4)
  3 quokkas
  5 bats
  4 frilled lizards
  7 kobolds
  4 rats
126 creatures vanquished.

Vanquished Creatures (others)
  3 plants (D:2)
3 creatures vanquished.

Grand Total: 129 creatures vanquished

Notes
Turn   | Place    | Note
-------+----------+-------------------------------------------
     0 | D:1      | KittyFluff the Gargoyle Fighter began the quest for the
                  | Orb.
     0 | D:1      | Reached XP level 1. HP: 14/14 MP: 1/1
   216 | D:1      | Reached XP level 2. HP: 16/19 MP: 2/2
   516 | D:1      | Found a faded altar of an unknown god.
   734 | D:1      | Reached XP level 3. HP: 23/23 MP: 3/3
  1135 | D:2      | Reached XP level 4. HP: 23/28 MP: 2/4
  1961 | D:3      | Found Synukhoo's Assorted Antiques.
  2032 | D:3      | Reached XP level 5. HP: 25/33 MP: 5/5
  2107 | D:3      | Found an iron altar of Okawaru.
  2175 | D:3      | Found a hide-covered altar of Uskayaw.
  2175 | D:3      | Found a basalt altar of Yredelemnul.
  2175 | D:3      | Found a glowing golden altar of the Shining One.
  2303 | D:3      | Found Vunwoz's Weapon Boutique.
  2770 | D:3      | Found Sediek's Jewellery Shoppe.
  3370 | D:4      | Noticed a sky beast
  3388 | D:4      | Killed a sky beast
  3389 | D:4      | Reached XP level 6. HP: 28/38 MP: 4/6
  3471 | D:4      | Noticed Blork the orc
  3593 | D:4      | Found a burning altar of Makhleb.
  3602 | D:4      | Noticed a black bear
  3615 | D:3      | Killed a black bear
  3616 | D:3      | Reached skill level 5 in Armour
  3616 | D:3      | Reached skill level 1 in Dodging
  3789 | D:4      | Reached XP level 7. HP: 44/44 MP: 7/7
  4022 | D:4      | Found a stormy altar of Qazlal.
  4068 | D:4      | Found a shimmering blue altar of Sif Muna.
  4361 | D:4      | Killed Blork the orc
  4381 | D:5      | Entered Level 5 of the Dungeon
  4397 | D:5      | Noticed Ijyb
  4463 | D:5      | Reached skill level 5 in Maces & Flails
  4463 | D:5      | Reached skill level 1 in Ranged Weapons
  4463 | D:5      | Reached skill level 1 in Throwing
  4702 | D:5      | Reached skill level 5 in Shields
  4887 | D:5      | Killed Ijyb
  5085 | D:5      | Reached XP level 8. HP: 38/48 MP: 5/8
  5207 | D:5      | Found a staircase to the Ecumenical Temple.
  5326 | Temple   | Entered the Ecumenical Temple
  5748 | D:6      | Noticed a wizard
  5760 | D:6      | Noticed a toenail golem
  5820 | D:6      | Found a transporter.
  5830 | D:6      | Found a white marble altar of Elyvilon.
  5853 | D:6      | Noticed an ancient zyme
  6093 | D:6      | Noticed Maggie
  6124 | D:6      | Killed from afar by Maggie

Illustrated notes

Levels and vault maps discovered:
D:1:      giann_bridges, layout_basic, basic_ecumenical_altar
D:2:      layout_rooms, serial_forest, infiniplex_forest_zigzag_1,
          infiniplex_forest_corner_1, infiniplex_forest_clump_curved,
          infiniplex_forest_straight_4, infiniplex_forest_clump_medium,
          infiniplex_forest_straight_1, infiniplex_forest_lined_3_way,
          infiniplex_forest_end_3
D:3:      layout_loops_corners, okawaru_trees_1,
          chequers_temple_overflow_statue_of_worship, serial_shops,
          nicolae_shop_waterfront, nicolae_shop_bloodbath_and_beyond,
          nicolae_diamond_shop, dreamdust_princess_corridor
D:4:      layout_basic, tgw_sif, mainiacjoe_overflow_big_doors,
          chequers_serial_rivers_large_a, item_on_display_a
D:5:      layout_rooms, temple_doors_e, uniq_ijyb
D:6:      layout_rooms, lemuel_round_altar, mainiacjoe_overflow_alcove_4,
          gammafunk_ghost_abyssal_escape, kennysheep_small_square, uniq_maggie
Temple:   nicolae_temple_ecumenical_triangle

Skill      XL: |  1  2  3  4  5  6  7  8 |
---------------+-------------------------+-----
Armour         | 4 5 6 |  6.2
Maces & Flails | 3 4 5 6 |  6.2
Shields        | 4 5 |  5.7
Fighting       | 4 |  4.9
Dodging        | 1 2 |  2.3
Ranged Weapons | 1 |  1.5
Throwing       | 1 |  1.7
Stealth        | |  0.7

Action                   |  1- 3 |  4- 6 |  7- 9 || total
-------------------------+-------+-------+-------++-------
Melee: Flail             |   101 |   157 |   193 ||   451
 Fire: Sling             |       |       |    17 ||    17
Throw: Stone             |    17 |    33 |    14 ||    64
       Dart              |       |       |     4 ||     4
Evoke: Wand              |       |       |     2 ||     2
  Use: Scroll            |       |     2 |       ||     2
       Potion            |       |       |     2 ||     2
Armor: Scale mail        |    23 |       |       ||    23
       Leather armour    |    19 |    80 |    74 ||   173
Dodge: Dodged            |    58 |    91 |    95 ||   244
Block: Buckler           |    16 |    28 |    40 ||    84
